 Dungeon Crawl Stone Soup version 0.29.0-4-gdea44cf6ec (webtiles) character file.

Game seed: 13637827947171862018

41 qw the Chopper (level 3, 0/21 HPs)
             Began as a Tengu Warper on Aug 28, 2022.
             Slain by Sigmund
             ... wielding a +0 scythe
              (5 damage)
             ... on level 2 of the Dungeon.
             The game lasted 00:00:07 (1537 turns).

qw the Chopper (Tengu Warper)                       Turns: 1537, Time: 00:00:08

Health: 0/21       AC:  3    Str: 13    XL:     3   Next: 52%
Magic:  7/7        EV: 12    Int: 13    God:
Gold:   89         SH:  0    Dex: 13    Spells: 6/6 levels left

rFire   . . .      SeeInvis .   Y - +0 hand axe
rCold   . . .      Faith    .   (no shield)
rNeg    . . .      Spirit   .   b - +0 leather armour
rPois   .          Reflect  .   (helmet restricted)
rElec   .          Harm     .   (no cloak)
rCorr   .          Rampage  .   (no gloves)
Will    .....                   (boots unavailable)
Stlth   +.........              (no amulet)
HPRegen 0.07/turn               (no ring)
MPRegen 0.10/turn               (no ring)

@: confused
A: beak, talons 3
a: no special abilities


You were on level 2 of the Dungeon.
You visited 1 branch of the dungeon, and saw 2 of its levels.

You collected 109 gold pieces.
You spent 20 gold pieces at shops.


Innate Abilities, Weirdness & Mutations

You have a beak for a mouth.
You have claws for feet.


   Skills:
 - Level 2.0 Fighting
 + Level 4.2 Axes
 - Level 1.0 Throwing
 - Level 1.1 Armour
 - Level 2.1 Dodging
 - Level 2.0 Spellcasting
 - Level 2.4 Translocations


You had 6 spell levels left.
You didn't know any spells.
Your spell library contained the following spells:

 Spells                   Type           Power      Damage    Failure   Level
 Blink                    Tloc           14%        N/A       19%         2
 Gell's Gravitas          Tloc           7%         N/A       36%         3
 Lesser Beckoning         Tloc           7%         N/A       36%         3
 Teleport Other           Tloc           7%         N/A       36%         3
 Manifold Assault         Tloc           7%         N/A       98%         5

Inventory:

Hand Weapons
 h - a +2 whip of draining
 Y - a +0 hand axe (weapon)
Armour
 a - a +0 ring mail
 b - a +0 leather armour (worn)
Scrolls
 d - a scroll of identify
Potions
 g - a potion of mutation

Dungeon Overview and Level Annotations

Branches:
Dungeon (2/15)

Altars:

Shops:
D:1 *

Annotations:
D:2 Sigmund


Message History

The endoplasm barely misses you.
You barely miss the endoplasm.
The endoplasm is moderately wounded.
The endoplasm hits you but does no damage.
You hit the endoplasm but do no damage. You claw the endoplasm.
You peck the endoplasm, but do no damage.
The endoplasm is heavily wounded.
The endoplasm hits you but does no damage.
You hit the endoplasm. You punch the endoplasm.
You kill the endoplasm!
You start resting.
HP restored.
Sigmund the Dreaded comes into view.
He is wielding a +0 scythe and carrying a wand of roots (8).
Sigmund shouts!
1527 ||| Stepping ~*~*~tactically~*~*~ (hiding).
You start waiting.
Sigmund is nearby!
Sigmund closely misses you.
You closely miss Sigmund. You claw Sigmund.
Sigmund is lightly wounded.
You closely miss Sigmund. Your kick misses Sigmund.
Sigmund is lightly wounded.
Sigmund zaps a wand.
The roots erupt in riotous growth!
The grasping roots grab you!
Sigmund is unaffected.
The grasping roots constrict you.
You barely miss Sigmund. You claw Sigmund.
Sigmund is moderately wounded.
Sigmund points at you and mumbles some strange words.
You are confused.
The grasping roots constrict you.
You bump into the rock wall.
Sigmund hits you with a +0 scythe. The grasping roots constrict you.
The grasping roots release their grip on you.
You miss Sigmund. Your kick misses Sigmund.
Sigmund is moderately wounded.
Sigmund casts a spell at you. You resist with significant effort.
You bump into the rock wall.
Sigmund hits you with a +0 scythe.
You die...

## #########@##
.......#@#.####
####..#.......
#
#.......##.###
#.##.##..###
#.......#.#
####.#####.#
###.# ## #...#
#.###


You could see Sigmund.

Vanquished Creatures
  An adder (D:2)
  A dart slug (D:1)
  2 ball pythons (D:1)
  5 endoplasms
  A giant cockroach (D:1)
  A goblin (D:1)
  3 hobgoblins
  4 bats (D:1)
  4 kobolds (D:1)
  6 rats (D:1)
28 creatures vanquished.

Notes
Turn   | Place    | Note
-------+----------+-------------------------------------------
     0 | D:1      | qw the Tengu Warper began the quest for the Orb.
     0 | D:1      | Reached XP level 1. HP: 12/12 MP: 4/4
     0 | D:1      | 0 ||| qw: Version: 0.1-a-89-g26bdef1
     0 | D:1      | 0 ||| qw: Game counter: 1320
     0 | D:1      | 0 ||| qw: Always use a shield: true
     0 | D:1      | 0 ||| qw: God list: Okawaru
     0 | D:1      | 0 ||| qw: Allow faded altars: false
     0 | D:1      | 0 ||| qw: Do Orc after D:15 true
     0 | D:1      | 0 ||| qw: Do second Lair branch before Depths: true
     0 | D:1      | 0 ||| qw: Lair rune preference: random
     0 | D:1      | 0 ||| qw: Plans: Normal
     0 | D:1      | 0 ||| PLANNING D:1-11
   104 | D:1      | 104 ||| DROPPING +0 whip.
   120 | D:1      | Found a faded altar of an unknown god.
   127 | D:1      | 127 ||| Stepping ~*~*~tactically~*~*~ (stealth).
   132 | D:1      | 132 ||| Stepping ~*~*~tactically~*~*~ (stealth).
   137 | D:1      | 137 ||| Stepping ~*~*~tactically~*~*~ (stealth).
   141 | D:1      | 141 ||| Stepping ~*~*~tactically~*~*~ (stealth).
   142 | D:1      | 142 ||| Stepping ~*~*~tactically~*~*~ (stealth).
   181 | D:1      | Reached XP level 2. HP: 17/17 MP: 6/6
   204 | D:1      | Reached skill level 3 in Axes
   289 | D:1      | Found Ulaxtysh's General Store.
   297 | D:1      | 297 ||| BUYING scroll of identify (20 gold).
   297 | D:1      | Bought a scroll of identify for 20 gold pieces
   297 | D:1      | 297 ||| SHOPLISTING scroll of identify (20 gold, have 15).
   380 | D:1      | 380 ||| Stepping ~*~*~tactically~*~*~ (stealth).
   434 | D:1      | HP: 4/17 [frozen (3)]
   846 | D:1      | Reached XP level 3. HP: 19/21 MP: 7/7
  1015 | D:1      | 1015 ||| READING scroll labelled TEURAVVE CUDO.
  1016 | D:1      | 1016 ||| READING scroll labelled REOXYUF DACEV.
  1021 | D:1      | 1021 ||| READING scroll labelled GELAEL LAIMOIL.
  1022 | D:1      | 1022 ||| READING scroll labelled BIOCYTO WESOX.
  1023 | D:1      | 1023 ||| DRINKING 4 green potions.
  1128 | D:1      | 1128 ||| READING 3 scrolls of identify.
  1128 | D:1      | 1128 ||| IDENTIFYING sedimented purple potion
  1129 | D:1      | 1129 ||| READING 2 scrolls of identify.
  1129 | D:1      | 1129 ||| IDENTIFYING metallic coppery potion
  1130 | D:1      | 1130 ||| DROPPING scroll of blinking.
  1131 | D:1      | 1131 ||| DROPPING 3 potions of berserk rage.
  1132 | D:1      | 1132 ||| DROPPING potion of flight.
  1163 | D:2      | 1163 ||| Stepping ~*~*~tactically~*~*~ (stealth).
  1181 | D:2      | Reached skill level 4 in Axes
  1185 | D:2      | HP: 5/21 [poisoned by an adder]
  1304 | D:2      | 1304 ||| Stepping ~*~*~tactically~*~*~ (stealth).
  1305 | D:2      | 1305 ||| Stepping ~*~*~tactically~*~*~ (stealth).
  1526 | D:2      | Noticed Sigmund
  1527 | D:2      | 1527 ||| Stepping ~*~*~tactically~*~*~ (hiding).
  1535 | D:2      | HP: 5/21 [constriction (5)]
  1537 | D:2      | Slain by Sigmund

Levels and vault maps discovered:
D:1:      matt_arrival_refuge, layout_loops_cross, basic_ecumenical_altar,
          serial_shops, shop, hangedman_decor_opposing
D:2:      layout_loops_cross, minmay_misc_feat_rows, minivault_14, uniq_natasha,
          uniq_sigmund

Skill      XL: |  1  2  3 |
---------------+----------+-----
Axes           | 3 4 |  4.2
Fighting       | |  2.0
Throwing       | |  1.0
Armour         | |  1.1
Dodging        | |  2.1
Spellcasting   | |  2.0
Translocations | |  2.4

Action                   || total
-------------------------++-------
Melee: Hand axe          ||    64
       Kick              ||    19
       Peck              ||     7
       Punch             ||     3
Throw: Boomerang         ||     7
  Use: Scroll            ||     6
       Potion            ||     1
Armor: Leather armour    ||    23
Dodge: Dodged            ||    25

Table legend:
 A = Non-vault XP
 B = Vault XP
 C = Vault XP percentage of total XP
 D = Non-vault monster count
 E = Vault monster count
 F = Vault count percentage of total count
                 A         B        C        D         E       F
            +---------+---------+-------+---------+---------+-------
      Total |      59 |       0 |   0.0 |      28 |       0 |   0.0
            +---------+---------+-------+---------+---------+-------
        D:1 |      38 |       0 |   0.0 |      23 |       0 |   0.0
        D:2 |      21 |       0 |   0.0 |       5 |       0 |   0.0
            +---------+---------+-------+---------+---------+-------
